[Event "January 2 Late 2024"]
[Site "https://www.chess.com"]
[Date "2024.01.02"]
[Round "3"]
[White "Injac, Teodora"]
[Black "Bagrationi, Alexander"]
[Result "1/2-1/2"]
[Board "97"]
[TimeControl "180+1"]
[WhiteFideId "932400"]
[BlackFideId "14104954"]
[WhiteElo "2663"]
[BlackElo "2460"]
[WhiteTeam "SRB"]
[BlackTeam "ISR"]
[WhiteClock "0:00:08"]
[BlackClock "0:00:09"]

1. d4 d5 2. Nf3 c6 3. c4 Nf6 4. g3 e6 5. Bg2 Nbd7 6. O-O Be7 7. Nc3 O-O 8. Nd2 b6 9. e4 Ba6 10. Re1 dxc4 11. a4 Rc8 12. Bf1 e5 13. Bxc4 Bxc4 14. Nxc4 exd4 15. Qxd4 Nc5 16. Qxd8 Rfxd8 17. Bg5 h6 18. Bxf6 Bxf6 19. e5 Be7 20. Rad1 Rxd1 21. Rxd1 Rd8 22. Rxd8+ Bxd8 23. f4 Be7 24. Kg2 Kf8 25. Kf3 Ke8 26. Ke3 Kd7 27. Nd2 f5 28. Nf3 g6 29. b4 Ne6 30. b5 Bc5+ 31. Kd3 g5 32. Ne2 g4 33. Nh4 Ng7 34. Nd4 Bxd4 35. Kxd4 Ne6+ 36. Kc4 Ng7 37. Kd4 Ne6+ 38. Kc4 Ng7 39. Kd4 1/2-1/2

[Event "January 2 Late 2024"]
[Site "https://www.chess.com"]
[Date "2024.01.02"]
[Round "3"]
[White "Agibileg, Uurtsaikh"]
[Black "Toktomushev, Teimur"]
[Result "0-1"]
[Board "98"]
[TimeControl "180+1"]
[WhiteFideId "4901606"]
[BlackFideId "14176726"]
[WhiteElo "2657"]
[BlackElo "2459"]
[WhiteTeam "MGL"]
[BlackTeam "UKR"]
[WhiteClock "0:01:31"]
[BlackClock "0:00:04"]

1. d4 d5 2. c4 e6 3. Nc3 Nf6 4. cxd5 exd5 5. Bg5 Be7 6. e3 c6 7. Bd3 Nbd7 8. Qc2 Nh5 9. Bxe7 Qxe7 10. Nge2 g6 11. O-O-O Nb6 12. Kb1 Be6 13. Rc1 O-O-O 14. Na4 Kb8 15. Nc5 Nf6 16. Nc3 Nfd7 17. b4 Nc4 18. Ka1 a5 19. Bxc4 dxc4 20. Nxd7+ Rxd7 21. bxa5 Qa3 22. Na4 Rd5 23. Nc5 Rxc5 24. dxc5 Qxc5 25. Rhd1 Qxa5 26. Rb1 Rd8 27. Qb2 b5 28. Qe5+ Kb7 29. Rxd8 Qxd8 30. Qc3 Qd3 31. Qxd3 cxd3 32. Kb2 c5 33. a3 Kc6 34. Kc3 c4 35. e4 f5 36. exf5 Bxf5 37. Re1 Kd6 38. Re8 h5 39. h4 Kc5 40. f3 Kd5 41. Rb8 Kc5 42. Rb7 Kc6 43. Rg7 Kc5 44. Rg8 Kd5 45. g4 hxg4 46. fxg4 Bxg4 47. Rxg6 Be2 48. h5 d2 49. Kxd2 Bd3 50. Rg5+ Kd4 51. Rxb5 c3+ 52. Kc1 Bxb5 53. h6 Bd3 54. a4 Kc5 0-1

[Event "January 2 Late 2024"]
[Site "https://www.chess.com"]
[Date "2024.01.02"]
[Round "3"]
[White "Plotnikov, Pavel"]
[Black "Aghasiyev, Kamal"]
[Result "1-0"]
[Board "99"]
[TimeControl "180+1"]
[WhiteFideId "4170342"]
[BlackFideId "13402854"]
[WhiteElo "2458"]
[BlackElo "2654"]
[WhiteTeam "RUS"]
[BlackTeam "AZE"]
[WhiteClock "0:00:20"]
[BlackClock "0:00:00"]

1. e4 e5 2. Nf3 Nc6 3. Nc3 Nf6 4. Be2 Bb4 5. Nd5 Nxe4 6. Nxb4 Nxb4 7. d3 Nf6 8. Nxe5 O-O 9. a3 Nbd5 10. c4 Ne7 11. d4 d6 12. Nf3 Ng6 13. O-O Re8 14. d5 Ne4 15. Nd4 a5 16. Bf3 Nc5 17. Rb1 a4 18. Bd2 Nh4 19. Bc3 Qg5 20. Qd2 Qg6 21. Qf4 Nxf3+ 22. Qxf3 Bg4 23. Qg3 Ne4 24. Qd3 Bd7 25. Rfe1 Nc5 26. Qxg6 hxg6 27. f3 f6 28. g4 Kf7 29. Rbd1 g5 30. Bb4 b6 31. Kf2 Rxe1 32. Bxe1 Rh8 33. Kg2 Re8 34. Bc3 Re3 35. Re1 Rxe1 36. Bxe1 Nd3 37. Bc3 Ne5 38. Nb5 Bxb5 39. cxb5 Nc4 40. Kf2 Ke7 41. Ke2 Ne5 42. Ke3 Nd7 43. f4 gxf4+ 44. Kxf4 g6 45. h4 Kf7 46. h5 gxh5 47. gxh5 Nf8 48. Kf5 Nh7 49. h6 Nf8 50. Bxf6 1-0

[Event "January 2 Late 2024"]
[Site "https://www.chess.com"]
[Date "2024.01.02"]
[Round "3"]
[White "Niedbala, Bartlomiej"]
[Black "Sztokbant, Bernardo Vainzoff"]
[Result "0-1"]
[Board "100"]
[TimeControl "180+1"]
[WhiteFideId "21834008"]
[BlackFideId "2115956"]
[WhiteElo "2653"]
[BlackElo "2456"]
[WhiteTeam "POL"]
[BlackTeam "BRA"]
[WhiteClock "0:00:13"]
[BlackClock "0:00:04"]

1. e4 c5 2. Nf3 e6 3. d4 cxd4 4. Nxd4 Nc6 5. Nc3 Qc7 6. h4 a6 7. h5 Nf6 8. Be3 h6 9. Be2 Bb4 10. f3 d5 11. Nxc6 bxc6 12. Rh4 dxe4 13. Kf2 Bd6 14. Nxe4 Nxe4+ 15. Rxe4 O-O 16. Rg4 e5 17. Rc4 Be6 18. Rc3 Rab8 19. b3 e4 20. Rb1 Bb4 21. Rc5 Rfd8 22. Qc1 Bxc5 23. Bxc5 Qh2 24. Qe3 Qxh5 25. fxe4 Qg5 26. Qxg5 hxg5 27. Be3 f6 28. a4 a5 29. Rh1 Kf7 30. Bh5+ g6 31. Be2 Rh8 32. Rf1 Rbc8 33. Kg3 c5 34. Bxg5 f5 35. exf5 gxf5 36. Kf2 c4 37. Bd2 cxb3 38. cxb3 Bxb3 39. Bxa5 Rc2 40. Re1 Re8 41. Kf3 Bd5+ 42. Kf4 Rcxe2 43. Rb1 Rf2+ 44. Kg5 Rxg2+ 45. Kf4 Re4+ 46. Kxf5 Rf2+ 47. Kg5 Re5+ 48. Kg4 Be6+ 49. Kg3 Rfe2 50. Rb7+ Kg6 51. Bc3 R2e3+ 52. Kf2 Rxc3 53. Rb6 Rc2+ 54. Kf3 Kf5 55. Rb4 Rc3+ 56. Kf2 Rc4 57. Rb6 Rxa4 58. Rb8 Bd5 59. Kg3 Re3+ 60. Kf2 Rf3+ 61. Ke2 Ra2+ 62. Ke1 Re3+ 63. Kd1 Bf3+ 64. Kc1 Re1# 0-1

[Event "January 2 Late 2024"]
[Site "https://www.chess.com"]
[Date "2024.01.02"]
[Round "3"]
[White "Mendoza, Rodrigo"]
[Black "Spata, German"]
[Result "0-1"]
[Board "101"]
[TimeControl "180+1"]
[WhiteFideId "3301931"]
[BlackFideId "113026"]
[WhiteElo "2456"]
[BlackElo "2652"]
[WhiteTeam "BOL"]
[BlackTeam "ARG"]
[WhiteClock "0:00:46"]
[BlackClock "0:00:13"]

1. d4 g6 2. Nf3 Bg7 3. c4 d6 4. Nc3 c5 5. dxc5 Bxc3+ 6. bxc3 dxc5 7. Be3 Qxd1+ 8. Rxd1 b6 9. g3 Bb7 10. Bg2 Nd7 11. Rxd7 Kxd7 12. Ne5+ Kc8 13. Bxb7+ Kxb7 14. Nxf7 Nf6 15. Nxh8 Rxh8 16. f3 Ne8 17. Bf4 h6 18. Be5 Rh7 19. Kf2 Nd6 20. Bxd6 exd6 21. Rd1 Kc6 22. e4 a6 23. Ke3 b5 24. cxb5+ axb5 25. h4 Ra7 26. Rd2 Ra3 27. Rc2 b4 28. Kd3 bxc3 29. Kc4 h5 30. g4 Ra4+ 31. Kd3 d5 32. exd5+ Kxd5 33. gxh5 gxh5 34. Kxc3 Rxh4 35. Rf2 Rf4 36. Kb3 Kd4 37. Rd2+ Ke3 38. Rc2 c4+ 39. Rxc4 Rxc4 40. Kxc4 h4 41. a4 h3 42. a5 h2 43. Kb5 h1=Q 44. a6 Qxf3 45. Kb6 Qa8 0-1

[Event "January 2 Late 2024"]
[Site "https://www.chess.com"]
[Date "2024.01.02"]
[Round "3"]
[White "Mirzoev, Azer"]
[Black "chucksterf10"]
[Result "1-0"]
[Board "102"]
[TimeControl "180+1"]
[WhiteFideId "13400304"]
[WhiteElo "2649"]
[BlackElo "2447"]
[WhiteTeam "AZE"]
[WhiteClock "0:00:53"]
[BlackClock "0:00:00"]

1. c4 b6 2. Nc3 Bb7 3. e4 e5 4. d3 Nf6 5. g3 h5 6. Nf3 Nc6 7. Bg2 Bc5 8. h3 d6 9. O-O Qd7 10. Nd5 Nxd5 11. cxd5 Nd4 12. Nxd4 Bxd4 13. Be3 Bxb2 14. Rb1 Bd4 15. Bxd4 exd4 16. Rb4 h4 17. g4 g5 18. Rxd4 Qe7 19. Rc4 b5 20. Rc3 a5 21. Qc2 Rc8 22. Rc1 Kd8 23. d4 f6 24. Qd2 b4 25. R3c2 Rh7 26. f4 gxf4 27. Qxf4 Qg7 28. Kh1 Qg5 29. Qf2 Re7 30. Rf1 Rf7 31. Qe1 Ba6 32. Rf5 Qg7 33. Qxh4 a4 34. Qe1 Rb8 35. Rb2 b3 36. axb3 axb3 37. Qc3 Qh6 38. Rxb3 Rxb3 39. Qxb3 Bc8 40. Rh5 Qc1+ 41. Kh2 Qf4+ 42. Qg3 Qd2 43. Rh8+ Kd7 44. Qf3 f5 45. e5 dxe5 46. dxe5 Rg7 47. Qxf5+ 1-0

[Event "January 2 Late 2024"]
[Site "https://www.chess.com"]
[Date "2024.01.02"]
[Round "3"]
[White "Bouget, Alexandre"]
[Black "Feuerstack, Aljoscha"]
[Result "0-1"]
[Board "103"]
[TimeControl "180+1"]
[WhiteFideId "681318"]
[BlackFideId "4681932"]
[WhiteElo "2439"]
[BlackElo "2647"]
[WhiteTeam "FRA"]
[BlackTeam "GER"]
[WhiteClock "0:00:17"]
[BlackClock "0:00:17"]

1. d4 d5 2. Nc3 a6 3. Bf4 c5 4. Nf3 Nf6 5. dxc5 Qa5 6. e3 Bg4 7. Be2 e6 8. a3 Qxc5 9. O-O Nbd7 10. h3 Bxf3 11. Bxf3 Qc6 12. Ne2 e5 13. Bh2 Rc8 14. Rc1 Qe6 15. c4 Rxc4 16. Rxc4 dxc4 17. Bxb7 Nc5 18. Bf3 Be7 19. Nc3 O-O 20. Nd5 Rd8 21. Nxe7+ Qxe7 22. Qc2 Qe6 23. Rd1 Rxd1+ 24. Qxd1 Nd3 25. b3 e4 26. Be2 cxb3 27. Bxd3 exd3 28. Qxd3 h6 29. Bd6 Qd5 30. Qxd5 Nxd5 31. Be5 Nb6 32. Kf1 Nc4 33. Bc3 b2 34. Bxb2 Nxb2 35. Ke2 Nc4 36. a4 Nb2 37. a5 Nc4 38. Kd3 Nxa5 39. Kc3 Nb7 40. Kb4 Kf8 41. e4 Ke7 42. f4 Kd6 43. g4 Kc6 44. h4 Kd6 45. g5 hxg5 46. fxg5 g6 0-1

[Event "January 2 Late 2024"]
[Site "https://www.chess.com"]
[Date "2024.01.02"]
[Round "3"]
[White "Olsen, Filip Boe"]
[Black "Hoeffer, David"]
[Result "1-0"]
[Board "104"]
[TimeControl "180+1"]
[WhiteFideId "1440640"]
[BlackFideId "24606766"]
[WhiteElo "2646"]
[BlackElo "2439"]
[WhiteTeam "DEN"]
[BlackTeam "GER"]
[WhiteClock "0:01:45"]
[BlackClock "0:00:36"]

1. Nf3 Nf6 2. g3 g6 3. Bg2 Bg7 4. O-O O-O 5. c4 d6 6. d4 a6 7. Nc3 Nc6 8. Bg5 h6 9. Bf4 g5 10. Be3 Bf5 11. h4 g4 12. Ne1 h5 13. Nd3 e5 14. dxe5 Nxe5 15. Nxe5 dxe5 16. Bxb7 Rb8 17. Qxd8 Rfxd8 18. Bxa6 Rxb2 19. Rfd1 Ra8 20. Bb5 Ne4 21. Nd5 Bh7 22. Nxc7 Raxa2 23. Rxa2 Rxa2 24. Rd8+ Bf8 25. Bh6 Bg6 26. Rxf8+ Kh7 27. Be3 Rxe2 28. Nd5 f5 29. Bd7 f4 30. gxf4 exf4 31. Nxf4 Re1+ 32. Kg2 g3 33. Nxg6 gxf2 34. Bxf2 Nxf2 35. Kxf2 Re4 36. Nf4 Rxc4 37. Bf5+ Kg7 38. Ne6+ Kh6 39. Rf6# 1-0

[Event "January 2 Late 2024"]
[Site "https://www.chess.com"]
[Date "2024.01.02"]
[Round "3"]
[White "Salman, Ilhan Serhat"]
[Black "Atanasov, Anthony"]
[Result "0-1"]
[Board "105"]
[TimeControl "180+1"]
[WhiteFideId "6361579"]
[BlackFideId "2623897"]
[WhiteElo "2438"]
[BlackElo "2644"]
[WhiteTeam "TUR"]
[BlackTeam "CAN"]
[WhiteClock "0:01:06"]
[BlackClock "0:01:14"]

1. c4 Nf6 2. Nf3 g6 3. b3 Bg7 4. Bb2 O-O 5. g3 b6 6. Bg2 Bb7 7. O-O d6 8. Nc3 Nbd7 9. d4 e6 10. Qd2 Qe7 11. Rad1 Ne4 12. Nxe4 Bxe4 13. Nh4 Bxg2 14. Nxg2 a5 15. a4 d5 16. Qc2 c6 17. e4 Rac8 18. Ne3 f5 19. e5 Bh6 20. f4 Nb8 21. Qc1 Na6 22. Ba3 Nb4 23. Nc2 Rfd8 24. Nxb4 axb4 25. Bb2 Qb7 26. Rf2 Bf8 27. Rc2 c5 28. dxc5 Bxc5+ 29. Bd4 dxc4 30. Bxc5 Rxd1+ 31. Qxd1 cxb3 32. Rd2 bxc5 33. Qxb3 c4 34. Qd1 c3 35. Rd8+ Rxd8 36. Qxd8+ Kf7 37. Qf6+ Ke8 38. Qxe6+ Kd8 39. Qd6+ Ke8 40. Qe6+ Qe7 41. Qg8+ Kd7 42. Qd5+ Kc7 43. Qc4+ Kb8 44. Qb5+ Qb7 45. Qc5 Qa7 0-1

[Event "January 2 Late 2024"]
[Site "https://www.chess.com"]
[Date "2024.01.02"]
[Round "3"]
[White "Ozates, Tuna"]
[Black "Urbina Perez, Juan Antonio"]
[Result "1-0"]
[Board "106"]
[TimeControl "180+1"]
[WhiteFideId "6354521"]
[BlackFideId "2217368"]
[WhiteElo "2643"]
[BlackElo "2437"]
[WhiteTeam "TUR"]
[BlackTeam "ESP"]
[WhiteClock "0:00:04"]
[BlackClock "0:00:00"]

1. c4 e5 2. g3 Nf6 3. Bg2 c6 4. Nf3 e4 5. Nd4 d5 6. cxd5 cxd5 7. O-O Bc5 8. Nb3 Bb6 9. d3 O-O 10. Nc3 Bf5 11. Bg5 exd3 12. Nxd5 Nbd7 13. exd3 h6 14. Be3 Nxd5 15. Bxd5 Nf6 16. Bxb7 Rb8 17. Bg2 Qxd3 18. Qxd3 Bxd3 19. Rfe1 Bc4 20. Nd2 Be6 21. b3 Rfd8 22. Ne4 Nxe4 23. Bxe4 Bxe3 24. Rxe3 Rd2 25. Rd3 Rb2 26. Bd5 Bf5 27. Rc3 g5 28. Rc7 Bg6 29. Rxa7 Rd8 30. Rd1 Kg7 31. Ra5 Rc8 32. Bc4 Rc7 33. Ra8 Be4 34. Re8 Bf3 35. Ra1 g4 36. Ree1 Rd7 37. a4 Rdd2 38. Rf1 h5 39. a5 Ba8 40. a6 f5 41. a7 Kf6 42. Ra6+ Kg5 43. Bf7 f4 44. Ra5+ Kf6 45. Bxh5 fxg3 46. hxg3 Rd3 47. Bxg4 Kg7 48. Bh3 1-0

[Event "January 2 Late 2024"]
[Site "https://www.chess.com"]
[Date "2024.01.02"]
[Round "3"]
[White "Keleberda, Tymur"]
[Black "Jaque Gutierrez, Matias"]
[Result "1-0"]
[Board "107"]
[TimeControl "180+1"]
[WhiteFideId "14174294"]
[BlackFideId "3426980"]
[WhiteElo "2641"]
[BlackElo "2435"]
[WhiteTeam "CAN"]
[BlackTeam "CHI"]
[WhiteClock "0:00:57"]
[BlackClock "0:00:01"]

1. c4 c5 2. b3 Nf6 3. g3 g6 4. Bg2 Bg7 5. Bb2 Nc6 6. e3 O-O 7. Nf3 d5 8. cxd5 Nxd5 9. Bxg7 Kxg7 10. O-O Nf6 11. Qc1 Qd6 12. Rd1 Bg4 13. d4 cxd4 14. Na3 d3 15. h3 Bxf3 16. Bxf3 Ne5 17. Bg2 Rac8 18. Qb2 b6 19. f4 Ned7 20. Nc4 Qe6 21. Rxd3 Nc5 22. Rdd1 b5 23. Ne5 Kg8 24. g4 Nfe4 25. b4 Na4 26. Qd4 Nec3 27. Rd2 f6 28. Nf3 Rfd8 29. Qxd8+ Rxd8 30. Rxd8+ Kg7 31. Re1 Qxa2 32. Nd4 Qc4 33. f5 Nb6 34. h4 gxf5 35. Nxf5+ Kf7 36. Bf3 Nbd5 37. Nh6+ Kg6 38. Rg8+ Kxh6 39. g5+ fxg5 40. hxg5# 1-0

[Event "January 2 Late 2024"]
[Site "https://www.chess.com"]
[Date "2024.01.02"]
[Round "3"]
[White "Spichkin, Alexander"]
[Black "Rojas Alarcon, Julian Antonio"]
[Result "0-1"]
[Board "108"]
[TimeControl "180+1"]
[WhiteFideId "4144074"]
[BlackFideId "5107407"]
[WhiteElo "2435"]
[BlackElo "2641"]
[WhiteTeam "RUS"]
[BlackTeam "MEX"]
[WhiteClock "0:00:42"]
[BlackClock "0:00:24"]

1. f4 g6 2. Nf3 Bg7 3. d3 c5 4. e4 Nc6 5. Be2 d6 6. O-O Rb8 7. Nc3 b5 8. Qe1 b4 9. Nd1 Bg4 10. Ne3 Bxf3 11. Bxf3 e6 12. Bd1 Nge7 13. Qg3 f5 14. exf5 exf5 15. Bf3 d5 16. Qh4 O-O 17. Rb1 a5 18. Bd2 Bf6 19. Qg3 a4 20. b3 Nd4 21. bxa4 Ra8 22. Kh1 Rxa4 23. c3 Nxf3 24. Qxf3 Rxa2 25. Be1 bxc3 26. Rc1 d4 27. Nc4 Qd5 28. Qg3 Nc6 29. Nb6 Qd8 30. Nc4 Nb4 31. Rf2 Rxf2 32. Bxf2 Re8 33. h3 Qd5 34. Nb6 Qa2 35. Nd7 Bg7 36. Nxc5 Qb2 37. Rf1 c2 38. Na4 Qb1 39. Rg1 c1=Q 40. Nc5 Qxg1+ 41. Bxg1 Qc2 42. Qf3 Qxc5 43. Kh2 Qd5 44. Qd1 Na6 45. Qa4 Qe6 46. Bf2 Nc7 47. Bh4 Nd5 48. Bg3 Ne3 49. Kh1 Rc8 50. Bf2 h5 51. h4 Kh7 52. Qa1 Qc6 53. Qe1 Qxg2# 0-1

[Event "January 2 Late 2024"]
[Site "https://www.chess.com"]
[Date "2024.01.02"]
[Round "3"]
[White "Wadsworth, Matthew J"]
[Black "Morales Garcia, Sergio Joshafatt"]
[Result "0-1"]
[Board "109"]
[TimeControl "180+1"]
[WhiteFideId "415804"]
[BlackFideId "5106249"]
[WhiteElo "2641"]
[BlackElo "2434"]
[WhiteTeam "ENG"]
[BlackTeam "MEX"]
[WhiteClock "0:00:58"]
[BlackClock "0:01:19"]

1. e4 c5 2. Nf3 e6 3. g3 d5 4. exd5 exd5 5. Bg2 Nc6 6. O-O Bg4 7. Re1+ Be7 8. h3 Bh5 9. g4 Bg6 10. d4 Nf6 11. dxc5 O-O 12. Be3 Ne4 13. Nd4 Nxc5 14. Nxc6 bxc6 15. Nc3 Rb8 16. f4 f5 17. g5 Ne4 18. b3 Nxc3 0-1

[Event "January 2 Late 2024"]
[Site "https://www.chess.com"]
[Date "2024.01.02"]
[Round "3"]
[White "Dobrijevic, Milan"]
[Black "Bjelobrk, Igor"]
[Result "1/2-1/2"]
[Board "110"]
[TimeControl "180+1"]
[WhiteFideId "931632"]
[BlackFideId "4300726"]
[WhiteElo "2433"]
[BlackElo "2638"]
[WhiteTeam "SRB"]
[BlackTeam "AUS"]
[WhiteClock "0:00:38"]
[BlackClock "0:00:09"]

1. e4 e6 2. d4 d5 3. Nc3 Bb4 4. e5 b6 5. a3 Bf8 6. Bb5+ Bd7 7. Bd3 c5 8. f4 a6 9. Nf3 Nc6 10. Be3 c4 11. Be2 Nge7 12. O-O b5 13. Qd2 h5 14. Kh1 Nf5 15. Bf2 Be7 16. Nd1 a5 17. Ne3 g6 18. c3 b4 19. axb4 axb4 20. Rxa8 Qxa8 21. Nxf5 gxf5 22. Ng5 Qa2 23. cxb4 Bxb4 24. Qc1 h4 25. h3 Kf8 26. Bf3 Kg7 27. Kh2 Be7 28. Be1 Nxd4 29. Bc3 Nxf3+ 30. Nxf3 Qa7 31. Nd4 Bc5 32. Qd2 Rh6 33. Rf3 Rg6 34. g3 hxg3+ 35. Rxg3 Rxg3 36. Kxg3 Qa1 37. Kh2 Qf1 38. Qg2+ Qxg2+ 39. Kxg2 Ba4 40. Kg3 Bd1 41. Kf2 Kg6 42. Kg3 Kh5 43. Kg2 Be7 44. Be1 Ba4 45. Bc3 Bd7 46. Be1 Kg6 47. Kg3 f6 48. exf6 Bxf6 49. Bc3 e5 50. fxe5 Bxe5+ 51. Kg2 f4 52. Nf3 Bxc3 53. bxc3 Kf5 54. Nd2 Ke5 55. Kf3 Bxh3 56. Kf2 Bg4 57. Kg2 Bh5 58. Kf2 Bd1 59. Kg2 Bb3 60. Kf2 d4 61. cxd4+ Kxd4 62. Kf3 Kd3 63. Nxc4 Bxc4 64. Kxf4 1/2-1/2

[Event "January 2 Late 2024"]
[Site "https://www.chess.com"]
[Date "2024.01.02"]
[Round "3"]
[White "Janaszak, Dawid"]
[Black "Suich, Peter D"]
[Result "1/2-1/2"]
[Board "111"]
[TimeControl "180+1"]
[WhiteFideId "1119206"]
[BlackFideId "2050366"]
[WhiteElo "2637"]
[BlackElo "2431"]
[WhiteTeam "POL"]
[BlackTeam "USA"]
[WhiteClock "0:00:00"]
[BlackClock "0:00:20"]

1. e4 c5 2. Nc3 e6 3. d4 cxd4 4. Qxd4 Nc6 5. Qe3 b6 6. b3 Bc5 7. Qg3 Bd4 8. Bb2 Nge7 9. Nf3 Ng6 10. Nxd4 Nxd4 11. O-O-O Nc6 12. Nb5 O-O 13. h4 f5 14. f4 e5 15. exf5 Nxf4 16. Nd6 Qf6 17. Bc4+ Kh8 18. Rhf1 Na5 19. Kb1 Nxc4 20. Nxc4 Ba6 21. Bxe5 Nh5 22. Qc3 Qh6 23. Rd6 Nf6 24. g4 Qxh4 25. Rfd1 Bxc4 26. Qxc4 Qxg4 27. Bxf6 Qxc4 28. Bxg7+ Kxg7 29. bxc4 Rxf5 30. Rxd7+ Rf7 31. Rg1+ Kf8 32. Rd6 Rc8 33. Rd4 Rc5 34. Rh1 Rfc7 35. Kb2 Ke8 36. Re4+ Kd8 37. Rg1 Kc8 38. Rg8+ Kb7 39. Rgg4 h5 40. Rh4 a5 41. Kb3 Ka6 42. a4 R7c6 43. Rd4 Rc7 44. Rd5 Rxd5 45. cxd5 Rh7 46. Kc4 Kb7 47. Kd4 Kc7 48. Ke5 Re7+ 49. Kf6 Kd6 50. Rxh5 Rc7 51. Rh2 Rc4 52. Rd2 Rxa4 53. c3 Rf4+ 54. Kg5 Rc4 55. Rd3 a4 56. Kf6 a3 57. Rd2 Rxc3 58. Kf5 b5 59. Ke4 b4 60. Kd4 Rc5 61. Rh2 Rxd5+ 62. Kc4 Rb5 63. Rh6+ Ke5 64. Rh5+ Ke4 65. Rxb5 a2 66. Ra5 b3 67. Kxb3 Kd3 68. Kxa2 Kd4 69. Ra8 Kd5 70. Rh8 Ke5 71. Rh2 Kd6 72. Rb2 Kd5 73. Kb3 Ke5 74. Rc2 Ke4 75. Kc3 Kf4 76. Rd2 Ke4 77. Rd3 Ke5 78. Rd4 Kf5 79. Kd3 Ke6 80. Ke4 Kf6 81. Rd6+ Ke7 82. Ke5 Kf7 83. Ra6 Ke7 84. Ra7+ Kd8 1/2-1/2

[Event "January 2 Late 2024"]
[Site "https://www.chess.com"]
[Date "2024.01.02"]
[Round "3"]
[White "Martin Fuentes, Alberto"]
[Black "Xie, Bryan"]
[Result "1-0"]
[Board "112"]
[TimeControl "180+1"]
[WhiteFideId "2292289"]
[BlackFideId "30941296"]
[WhiteElo "2634"]
[BlackElo "2428"]
[WhiteTeam "ESP"]
[BlackTeam "USA"]
[WhiteClock "0:00:11"]
[BlackClock "0:00:06"]

1. e4 c5 2. Nc3 Nc6 3. g3 g6 4. Bg2 Bg7 5. d3 Nf6 6. h3 d6 7. Be3 O-O 8. Qd2 Rb8 9. Nge2 b5 10. Bh6 b4 11. Nd1 Ba6 12. Bxg7 Kxg7 13. Ne3 e6 14. O-O Qc7 15. f4 Nd4 16. g4 Nxe2+ 17. Qxe2 Rfe8 18. f5 exf5 19. gxf5 g5 20. b3 d5 21. exd5 Qe5 22. Rae1 Bb7 23. Qf2 Qd4 24. Ng4 Rxe1 25. Rxe1 Nxd5 26. Qxd4+ cxd4 27. Re5 Nf4 28. f6+ Kg6 29. Bxb7 Rxb7 30. Rc5 h5 31. Ne5+ Kxf6 32. Nf3 Nxh3+ 33. Kh2 g4 34. Nxd4 Kg6 35. Nc6 f6 36. Kg3 Ng5 37. Rc4 a5 38. Nxa5 Ra7 39. Nc6 Rxa2 40. Ne7+ Kf7 41. Nf5 Ke6 42. Ng7+ Kf7 43. Nxh5 f5 44. Rc6 Ne6 45. Rc4 Kg6 46. Nf4+ Nxf4 47. Kxf4 Kf6 48. Rc6+ Ke7 49. d4 Kd7 50. d5 Ra5 51. Rb6 Rxd5 52. Rxb4 Rd2 53. Rc4 Rf2+ 54. Kg3 Rf3+ 55. Kg2 Kd6 56. Rd4+ Kc5 57. Rc4+ Kb5 58. Kh2 Rf2+ 59. Kg3 Rf3+ 60. Kh4 f4 61. Kxg4 Rf2 62. Kh3 f3 63. Kg3 Rf1 64. Rc3 f2 65. Kg2 Rc1 66. Kxf2 Kb4 67. Rc4+ Ka3 68. Ke3 Kb2 69. Kd4 Rh1 70. Kc5 Rh4 71. Kb4 Rh5 72. Rc5 Rh4+ 73. c4 Rh3 74. Rb5 Rxb3+ 75. Kc5 1-0

[Event "January 2 Late 2024"]
[Site "https://www.chess.com"]
[Date "2024.01.02"]
[Round "3"]
[White "Nielsen, Viktor Haarmark"]
[Black "Caspi, Israel"]
[Result "1/2-1/2"]
[Board "113"]
[TimeControl "180+1"]
[WhiteFideId "1444492"]
[BlackFideId "2807394"]
[WhiteElo "2428"]
[BlackElo "2633"]
[WhiteTeam "DEN"]
[BlackTeam "ISR"]
[WhiteClock "0:00:33"]
[BlackClock "0:00:47"]

1. e4 e5 2. Nf3 Nc6 3. Bb5 Nf6 4. d3 d6 5. c3 a6 6. Ba4 g6 7. O-O Bg7 8. Re1 O-O 9. Nbd2 h6 10. Nf1 b5 11. Bb3 Bb7 12. Ng3 Re8 13. h3 Na5 14. Bc2 c5 15. d4 exd4 16. cxd4 Nc4 17. b3 Nb6 18. Bb2 Rc8 19. e5 dxe5 20. dxe5 Qxd1 21. Raxd1 Nfd5 22. Ne4 Bf8 23. a4 c4 24. a5 Nb4 25. Bb1 N6d5 26. bxc4 Rxc4 27. Nd6 Bxd6 28. exd6 Rd8 29. Ne5 Rcc8 30. Ba3 Nc2 31. Bxc2 Rxc2 32. Nd3 Nc3 33. Ra1 Ne4 34. Rac1 Rxc1 35. Rxc1 Nxd6 36. Rc7 Nc4 37. Rxb7 Rxd3 38. Bb4 Rb3 39. Bc5 Nxa5 40. Ra7 Nc4 41. Bd4 g5 42. Rxa6 Rd3 43. Bf6 b4 44. Ra8+ Kh7 45. Rb8 b3 46. g4 Rxh3 47. Kg2 Rd3 48. Kf1 Rf3 49. Bd4 Rf4 50. Rh8+ Kg6 51. Rg8+ Kh7 52. Rh8+ Kg6 53. Rg8+ Kh7 54. Rh8+ 1/2-1/2

[Event "January 2 Late 2024"]
[Site "https://www.chess.com"]
[Date "2024.01.02"]
[Round "3"]
[White "Hajiyev, Kanan"]
[Black "Musalov, Ruslan"]
[Result "0-1"]
[Board "114"]
[TimeControl "180+1"]
[WhiteFideId "13404148"]
[BlackFideId "4141490"]
[WhiteElo "2633"]
[BlackElo "2426"]
[WhiteTeam "AZE"]
[BlackTeam "RUS"]
[WhiteClock "0:00:03"]
[BlackClock "0:00:15"]

1. d4 Nf6 2. Nf3 g6 3. c4 Bg7 4. g3 O-O 5. Bg2 d6 6. O-O c6 7. b3 Nbd7 8. Bb2 Qc7 9. Nbd2 e5 10. e4 Re8 11. Re1 Nf8 12. Qc2 Bg4 13. h3 Bxf3 14. Nxf3 a6 15. Rad1 Rad8 16. c5 dxc5 17. dxe5 N6d7 18. Rd6 Nxe5 19. Rxd8 Rxd8 20. Bxe5 Bxe5 21. Qxc5 Bg7 22. e5 Ne6 23. Qe3 Bf8 24. h4 Bc5 25. Qe2 h5 26. Bh3 Nd4 27. Nxd4 Bxd4 28. Kh2 Rd5 29. e6 Re5 30. e7 Qxe7 31. Qxe5 Bxe5 32. f4 Qa3 33. fxe5 Qxa2+ 34. Kg1 Qxb3 35. Kf2 Kg7 36. e6 fxe6 37. Bxe6 Qb2+ 38. Re2 Qf6+ 39. Kg2 a5 40. Bb3 b5 41. Rf2 Qe7 42. Kf1 a4 43. Bc2 c5 44. Re2 Qf6+ 45. Rf2 Qc3 46. Kg2 a3 47. Be4 b4 48. Bd5 c4 49. Rf7+ Kh6 50. Kh3 a2 51. Rf8 a1=Q 52. Be4 Qg1 53. Bf3 Qxf3 54. Rh8+ Kg7 55. Rh7+ Kf6 56. Rf7+ Ke5 57. Re7+ Kd4 58. Rd7+ Qd5 59. Rf7 Qgh1# 0-1

[Event "January 2 Late 2024"]
[Site "https://www.chess.com"]
[Date "2024.01.02"]
[Round "3"]
[White "Manukyan, Sargis A."]
[Black "Bellissimo, Joseph F."]
[Result "1-0"]
[Board "115"]
[TimeControl "180+1"]
[WhiteFideId "13303970"]
[BlackFideId "2609843"]
[WhiteElo "2633"]
[BlackElo "2425"]
[WhiteTeam "ARM"]
[BlackTeam "CAN"]
[WhiteClock "0:01:09"]
[BlackClock "0:00:10"]

1. d4 Nf6 2. c4 e6 3. Nc3 d5 4. cxd5 exd5 5. Bg5 Be7 6. e3 h6 7. Bf4 Bf5 8. Bd3 Bxd3 9. Qxd3 c6 10. Nf3 Na6 11. O-O Nc7 12. Rab1 Ne6 13. Be5 a5 14. a3 O-O 15. b4 axb4 16. axb4 Ra3 17. Qc2 Qa8 18. b5 Rc8 19. Rb3 cxb5 20. Qb2 b4 21. Nb5 Rxb3 22. Qxb3 Qa6 23. Bxf6 Bxf6 24. Qxb4 Rc4 25. Qb3 Be7 26. Nc3 Qa3 27. Qxa3 Bxa3 28. Nxd5 b5 29. Ne5 Rc2 30. Rb1 b4 31. Nd3 b3 32. Rxb3 Rd2 33. g3 Bd6 34. Kg2 Ng5 35. N5f4 g6 36. Rb2 Rd1 37. Ne5 h5 38. h4 Ne4 39. Nf3 Nc3 40. Ne2 Ne4 41. Rc2 Bb4 42. Rc4 Be7 43. Nc3 Rc1 44. Rc7 Nxc3 45. Rxe7 Nd1 46. Ne5 Rc2 47. Rxf7 Nxe3+ 48. Kf3 Ng4 49. Ra7 Rxf2+ 50. Ke4 Re2+ 51. Kd5 Ne3+ 52. Ke6 Nf5 53. Ra8+ Kh7 54. Ra7+ Kh6 55. Kf6 Nxd4 56. Nf7+ Kh7 57. Ng5+ Kg8 58. Ra8+ Re8 59. Rxe8# 1-0

[Event "January 2 Late 2024"]
[Site "https://www.chess.com"]
[Date "2024.01.02"]
[Round "3"]
[White "Brown_Mamba24"]
[Black "Gabdushev, Ruslan"]
[Result "0-1"]
[Board "116"]
[TimeControl "180+1"]
[BlackFideId "4137833"]
[WhiteElo "2625"]
[BlackElo "2422"]
[BlackTeam "RUS"]
[WhiteClock "0:00:02"]
[BlackClock "0:00:12"]

1. d4 e6 2. Nf3 b6 3. g3 Bb7 4. Bg2 f5 5. c4 Nf6 6. O-O a5 7. Nc3 Bb4 8. Bf4 Bxc3 9. bxc3 O-O 10. d5 Ne4 11. Re1 d6 12. dxe6 Qf6 13. Nd4 g5 14. Bd2 Na6 15. f3 Nec5 16. Qc1 f4 17. gxf4 gxf4 18. e7 Rf7 19. Kh1 Re8 20. Rg1 Rexe7 21. Bh3+ Kh8 22. Rg4 Qh6 23. Qg1 Re8 24. Qg2 Bc8 25. Rg1 Bxg4 26. Qxg4 Rg7 27. Qxg7+ Qxg7 28. Rxg7 Kxg7 29. Bxf4 Kf6 30. e4 Nd3 31. Be3 Nac5 32. Kg2 Rg8+ 33. Kf1 Ne5 34. Nf5 Nxf3 35. Nh6 Re8 36. Ng4+ Kg6 37. Kf2 Ng5 38. Bg2 Ngxe4+ 39. Ke2 h5 40. Nf2 Nxf2 41. Kxf2 Ne4+ 42. Ke2 Nxc3+ 43. Kd3 Nxa2 44. Bd2 Nb4+ 45. Kd4 c5+ 46. Kc3 Re2 47. Bf3 Rxh2 48. Bd1 Rxd2 49. Kxd2 Kg5 50. Ke3 d5 51. cxd5 Nxd5+ 52. Kd3 b5 53. Bf3 Nf4+ 54. Ke4 a4 55. Bd1 a3 56. Bb3 c4 57. Ba2 h4 58. Kf3 h3 59. Kg3 Kf5 60. Bb1+ Ke5 61. Ba2 Kd4 62. Kf3 h2 63. Kxf4 h1=Q 0-1